 Dungeon Crawl Stone Soup version 0.27.1-3-gb3d3a73c9e (webtiles) character file.

Game seed: 157637949488995640

420 TigerRab the Conjurer (level 7, 0/46 (48) HPs)
             Began as a Human Conjurer on Oct 15, 2021.
             Was an Initiate of Vehumet.
             Slain by a wight (1 damage)
             ... on level 4 of the Dungeon.
             The game lasted 00:28:08 (5073 turns).

TigerRab the Conjurer (Human Conjurer)              Turns: 5073, Time: 00:28:09

HP:   0/46 (48)     AC:  3    Str:  7    XL:     7   Next: 16%
MP:   16/22         EV: 12    Int: 21    God:    Vehumet [......]
Gold: 164           SH:  0    Dex: 11    Spells: 9/12 levels left

rFire    . . .     SeeInvis +   k - +1 dagger (venom)
rCold    + . .     Faith    .   (no shield)
rNeg     . . .     Spirit   .   a - +1 robe
rPois    .         Reflect  .   (no helmet)
rElec    .         Harm     .   (no cloak)
rCorr    .         Rampage  .   (no gloves)
Will     .....                  (no boots)
Stlth    ++........             (no amulet)
HPRegen  1.15/turn              i - ring of see invisible
MPRegen  0.18/turn              q - ring of magical power

@: lightly drained
A: cold resistance 1, high mp 1, regeneration 1
a: Renounce Religion


You were on level 4 of the Dungeon.
You worshipped Vehumet.
Vehumet was noncommittal.
You visited 2 branches of the dungeon, and saw 6 of its levels.

You collected 164 gold pieces.

Inventory:

Hand Weapons
 c - a +0 hunting sling
 e - a +0 falchion
 g - a +0 long sword
 k - a +1 dagger of venom (weapon)
 r - a +2 dagger of speed
Missiles
 d - 123 stones
 j - 77 sling bullets
Armour
 a - a +1 robe (worn)
 b - a +0 leather armour
 l - a +0 ring mail
 s - a +0 plate armour
Magical Staves
 p - a staff of fire
Jewellery
 i - a ring of see invisible (left hand)
 q - a ring of magical power (right hand)
Wands
 m - a wand of iceblast (7)
Scrolls
 f - a scroll of teleportation
Potions
 h - a potion of flight
 n - a potion of degeneration {unknown}
 o - a potion of lignification {unknown}
 t - a potion of curing


   Skills:
 + Level 1.3 Fighting
 + Level 2.3 Long Blades
 + Level 3.0 Dodging
 + Level 3.6 Stealth
 * Level 3.3 Spellcasting
 * Level 5.5 Conjurations


You had 9 spell levels left.
You knew the following spells:

 Your Spells              Type           Power      Damage    Failure   Level
a - Magic Dart            Conj           100%       1d8       1%          1
b - Searing Ray           Conj           52%        3d5       1%          2

Your spell library contained the following spells:

 Spells                   Type           Power      Damage    Failure   Level
 Dazzling Flash           Conj/Hex       30%        N/A       12%         3
 Corona                   Hex            3%         N/A       13%         1
 Sting                    Tmut/Pois      12%        1d3       13%         1
 Ensorcelled Hibernation  Hex/Ice        6%         N/A       21%         2
 Passwall                 Tmut/Erth      2%         N/A       21%         2
 Tukima's Dance           Hex            3%         N/A       36%         3
 Fulminant Prism          Conj/Hex       7%         3d7       38%         4
 Iskenderun's Mystic Bla  Conj/Tloc      15%        2d5       38%         4
 Animate Armour           Summ/Erth      6%         N/A       78%         4


Dungeon Overview and Level Annotations

Branches:
Dungeon (5/15)             Temple (1/1) D:4

Altars:
Cheibriados
Elyvilon
Fedhas
Gozag
Hepliaklqana
Okawaru
Ru
Sif Muna
Trog
Vehumet
Xom
Zin
The Shining One

Annotations:
D:2 1 runed translucent door, Crazy Yiuf
D:4 1 transporter, scottley's ghost, amateur TrMo


Innate Abilities, Weirdness & Mutations

Your flesh is cold resistant. (rC+)
You have an increased reservoir of magic. (+10% MP)
Your natural rate of healing is unusually fast.


Message History

The wyvern skeleton bites you but does no damage.
The wight hits you from afar with a +3 spear.
You feel drained.
The water moccasin skeleton bites you but does no damage.
Aiming: Searing Ray (safe; 1% risk of failure)
Press: ? - help, Q - select action, (/) - cycle Shift-Dir - straight line, f - bullfrog zombie
Aim: a bullfrog zombie (87% to hit)
Okay, then.
The bullfrog zombie hits you.
Aiming: Searing Ray (safe; 1% risk of failure)
Press: ? - help, Q - select action, (/) - cycle Shift-Dir - straight line, f/p - wyvern skeleton
Aim: a wyvern skeleton (severely damaged, 98% to hit)
The searing ray hits the bullfrog zombie!
The bullfrog zombie is moderately damaged.
The searing ray hits the wight.
The wight is lightly damaged.
The searing ray misses scottley's ghost.
The searing ray hits the wyvern skeleton!
The wyvern skeleton is almost destroyed. (Press . to maintain the ray.)
The bullfrog zombie hits you.
The wight hits you from afar with a +3 spear!
You feel drained.
The searing ray hits the bullfrog zombie.
The bullfrog zombie is moderately damaged.
The searing ray misses the wight.
The searing ray hits the water moccasin skeleton!
The water moccasin skeleton is moderately damaged.
The searing ray hits the wyvern skeleton!
You destroy the wyvern skeleton!
Vehumet accepts your kill. The bullfrog zombie hits you.
* * * LOW HITPOINT WARNING * * *
The wight completely misses you.
Your life force feels restored.
The bullfrog zombie barely misses you.
The wight hits you from afar with a +3 spear!
* * * LOW HITPOINT WARNING * * *
You feel drained.
You die...

.####.......©.......#............
.# #.#############.#.##.###.....
.# #.#.....!$....#......# ######
.# #.#...........#...##.########
.####.#..##...##..#........##....
###...#..#8...8#..#.>..###.##....
..)...#..##..Z##..#....# #.......
......#.....©WzZ..#....###.##....
.###..#..##..Z##@.#........##....
......#..#8...8#..#...##.#......#
..#...#..##...##..#.#.......###.#
..#...#...........#.#.##.#..###.#
......#©..........#.#.........#.#
......#############......#..#.#.#
#.###.......©.......#.####......#
#.#####.##....#.#####.#####.#.###
...........#.........†......#....


You could see a wight, scottley's ghost, a bullfrog zombie and a water moccasin
skeleton.

Vanquished Creatures
  A necrophage (D:3)
  An ogre (D:4)
  A wyvern skeleton (D:4)
  A hound (D:4)
  An orc wizard (D:3)
  A hound skeleton (D:4)
  5 adders
  2 worms
  2 dart slugs (D:3)
  3 orcs (D:3)
  10 endoplasms
  3 giant cockroaches
  14 goblins
  5 hobgoblins
  3 jackals (D:1)
  2 quokkas
  8 ball pythons
  5 bats
  4 frilled lizards
  6 kobolds
  3 rats
81 creatures vanquished.

Notes
Turn   | Place    | Note
-------+----------+-------------------------------------------
     0 | D:1      | TigerRab the Human Conjurer began the quest for the Orb.
     0 | D:1      | Reached XP level 1. HP: 13/13 MP: 3/3
   395 | D:1      | Reached XP level 2. HP: 19/19 MP: 0/5
  1494 | D:2      | Reached XP level 3. HP: 24/24 MP: 1/6
  2021 | D:2      | Gained mutation: Your flesh is cold resistant. (rC+)
                  | [potion of mutation]
  2021 | D:2      | Gained mutation: Your natural rate of healing is unusually
                  | fast. [potion of mutation]
  2021 | D:2      | Gained mutation: You have an increased reservoir of magic.
                  | (+10% MP) [potion of mutation]
  2224 | D:2      | Reached XP level 4. HP: 30/30 MP: 0/8
  2699 | D:2      | Found a runed translucent door.
  2700 | D:2      | Noticed Crazy Yiuf
  3059 | D:3      | Got Sif Muna's Grimoire of Toxins and Earth
  3063 | D:3      | Learned a level 2 spell: Searing Ray
  3151 | D:3      | Reached XP level 5. HP: 30/36 MP: 2/9
  3154 | D:3      | Reached skill level 5 in Conjurations
  3266 | D:3      | Noticed a necrophage
  3307 | D:3      | Killed a necrophage
  3308 | D:3      | Reached skill level 1 in Long Blades
  3308 | D:3      | Reached XP level 6. HP: 37/42 MP: 7/11
  3507 | D:3      | Reached skill level 1 in Fighting
  3990 | D:4      | You fall into a shaft and drop 1 floor!
  3990 | D:5      | Entered Level 5 of the Dungeon
  4051 | D:4      | Noticed an ogre
  4060 | D:4      | Killed an ogre
  4353 | D:4      | Reached XP level 7. HP: 48/48 MP: 13/13
  4427 | D:4      | Found a staircase to the Ecumenical Temple.
  4428 | D:4      | Noticed scottley's ghost (amateur TrMo)
  4430 | D:4      | Found a transporter.
  4431 | D:4      | Found a transporter.
  4447 | Temple   | Entered the Ecumenical Temple
  4683 | Temple   | Became a worshipper of Vehumet
  5073 | D:4      | HP: 1/48 [wight (13)]
  5073 | D:4      | Slain by a wight

Illustrated notes

Levels and vault maps discovered:
D:1:      ncdulo_halloftheorcs, layout_loops_ring, minivault_27,
          nrook_mini_backslash
D:2:      cheibrodos_greedy_goblins, layout_basic, dk_noncrumbling_2,
          uniq_crazy_yiuf_cottage
D:3:      layout_basic
D:4:      layout_loops_cross, minmay_temple_entry_grid,
          gammafunk_ghost_mausoleum, glass_columns_c
D:5:      layout_loops_ring, makhleb_blood_cavern_becter, serial_shops,
          nicolae_shop_crystal, uniq_duvessa
Temple:   nicolae_temple_figure_eight

Skill      XL: |  1  2  3  4  5  6 |
---------------+-------------------+-----
Conjurations   | 5 |  5.5
Long Blades    | 1 2 |  2.3
Stealth        | 3 |  3.6
Fighting       | 1 |  1.3
Spellcasting   | 3 |  3.3
Dodging        | 3 |  3.0

Action                   |  1- 3 |  4- 6 |  7- 9 || total
-------------------------+-------+-------+-------++-------
Melee: Club              |     4 |       |       ||     4
       Unarmed           |     2 |       |       ||     2
       Falchion          |    14 |       |       ||    14
       Long sword        |    11 |    22 |       ||    33
       Dagger            |       |    31 |       ||    31
 Cast: Magic Dart        |    65 |    18 |       ||    83
       Searing Ray       |       |    25 |     7 ||    32
  Use: Scroll            |     3 |     2 |     1 ||     6
       Potion            |     4 |     2 |       ||     6
 Stab: Sleeping          |       |     1 |       ||     1
Armor: Robe              |    18 |     9 |     2 ||    29
Dodge: Dodged            |    43 |    52 |     4 ||    99
       Rpst.: Long sword |     5 |    11 |       ||    16
       Falchion          |     2 |       |       ||     2
